 Dungeon Crawl Stone Soup version 0.27.1-3-gb3d3a73c9e (webtiles) character file.

Game seed: 5026181982220127580

123 horus123 the Ducker (level 4, 0/27 HPs)
             Began as a Deep Elf Gladiator on Oct 12, 2021.
             Slain by a gnoll (4 damage)
             ... on level 2 of the Dungeon.
             The game lasted 00:05:13 (2995 turns).

horus123 the Ducker (Deep Elf Gladiator)            Turns: 2995, Time: 00:05:14

Health: 0/27       AC:  4    Str: 11    XL:     4   Next: 79%
Magic:  6/6        EV: 13    Int: 13    God:
Gold:   96         SH:  0    Dex: 17    Spells: 1/3 levels left

rFire    . . .     SeeInvis .   a - +0 rapier
rCold    . . .     Faith    .   (no shield)
rNeg     . . .     Spirit   .   b - +0 leather armour
rPois    .         Reflect  .   c - +0 helmet
rElec    .         Harm     .   (no cloak)
rCorr    .         Rampage  .   (no gloves)
Will     .....                  (no boots)
Stlth    ++........             (no amulet)
HPRegen  0.09/turn              (no ring)
MPRegen  0.10/turn              (no ring)

@: no status effects
A: no striking features
a: no special abilities


You were on level 2 of the Dungeon.
You visited 1 branch of the dungeon, and saw 3 of its levels.

You collected 96 gold pieces.

Inventory:

Hand Weapons
 a - a +0 rapier (weapon)
Missiles
 d - 3 throwing nets (quivered)
 h - 16 arrows
Armour
 b - a +0 leather armour (worn)
 c - a +0 helmet (worn)
Potions
 e - a potion of mutation {unknown}
 g - a potion of invisibility {unknown}
 i - 2 potions of degeneration
 j - a potion of cancellation {unknown}


   Skills:
 * Level 2.3 Fighting
 + Level 3.9 Short Blades
 + Level 2.2 Throwing
 + Level 1.2 Armour
 + Level 4.1 Dodging
 + Level 1.3 Stealth
 * Level 0.6 Hexes
 + Level 0.7 Evocations


You had one spell level left.
You knew the following spells:

 Your Spells              Type           Power      Damage    Failure   Level
a - Slow                  Hex            1%         N/A       43%         2

Your spell library contained the following spells:

 Spells                   Type           Power      Damage    Failure   Level
 Confusing Touch          Hex            1%         N/A       67%         3
 Vampiric Draining        Necr           0%         2d6       77%         3


Dungeon Overview and Level Annotations

Branches:
Dungeon (3/15)

Altars:

Shops:
D:2 [   D:3 [


Message History

The gnoll completely misses you.
There is a stone staircase leading up here.
The gnoll closely misses you. The gnoll misses you.
You climb upwards.
There is a stone staircase leading down, spattered with blood here.
You hit the gnoll but do no damage. The gnoll hits you with a +0 flail!
The gnoll hits you with a +0 whip.
You hit the gnoll.
The gnoll is heavily wounded.
The gnoll barely misses you. The gnoll closely misses you.
You hit the gnoll but do no damage.
The gnoll is heavily wounded.
The gnoll barely misses you. The gnoll closely misses you.
You hit the gnoll.
The gnoll is almost dead.
The gnoll hits you with a +0 flail. The gnoll completely misses you.
You hit the gnoll but do no damage.
The gnoll is almost dead.
The gnoll hits you with a +0 flail. The gnoll closely misses you.
You hit the gnoll.
You kill the gnoll!
The gnoll completely misses you.
You completely miss the gnoll. The gnoll hits you with a +0 whip!
* * * LOW HITPOINT WARNING * * *
You hit the gnoll.
The gnoll is moderately wounded.
The gnoll barely misses you.
You hit the gnoll.
The gnoll is heavily wounded.
The gnoll closely misses you.
You closely miss the gnoll.
The gnoll is heavily wounded.
The gnoll barely misses you.
You hit the gnoll but do no damage.
The gnoll is heavily wounded.
The gnoll hits you but does no damage.
You hit the gnoll.
The gnoll is almost dead.
The gnoll hits you with a +0 whip.
You die...

#.......... #########..........
#.......#........#.
#########.......#........#.
#######..†.....................#.
....<...#####.........#........#.
........# #.........###.....##.
........## #..g......# #####....
.........# #..)@.....# #.#..
##.......# #.......### #.##.
##.......####################.##.
.........##................##.##.
#........##.##........#######.##.
#.#####'###.##........# #.... #.#
#.# #.##........# #.... #.# #.#
#.##........# #.... #.#####.#
#.##........# #....


You could see a gnoll.

Vanquished Creatures
  5 adders (D:2)
  2 gnolls (D:2)
  A worm (D:2)
  2 dart slugs (D:1)
  An orc (D:3)
  4 ball pythons
  3 bats
  3 endoplasms
  A giant cockroach (D:2)
  3 goblins
  7 hobgoblins
  3 jackals (D:1)
  3 kobolds
  2 quokkas (D:1)
  3 frilled lizards (D:2)
  8 rats
51 creatures vanquished.

Vanquished Creatures (others)
  A plant (D:1)
1 creature vanquished.

Grand Total: 52 creatures vanquished

Notes
Turn   | Place    | Note
-------+----------+-------------------------------------------
     0 | D:1      | horus123 the Deep Elf Gladiator began the quest for the
                  | Orb.
     0 | D:1      | Reached XP level 1. HP: 12/12 MP: 3/3
   224 | D:1      | Reached XP level 2. HP: 15/17 MP: 4/4
   630 | D:1      | Reached skill level 4 in Dodging
   843 | D:1      | Reached XP level 3. HP: 18/21 MP: 5/5
  1524 | D:2      | Learned a level 2 spell: Slow
  1562 | D:2      | Found a faded altar of an unknown god.
  1729 | D:2      | Found Buazuuzy's Antique Armour Shop.
  1816 | D:2      | Reached XP level 4. HP: 26/26 MP: 6/6
  1889 | D:2      | Reached skill level 1 in Stealth
  2425 | D:2      | Reached skill level 1 in Armour
  2844 | D:3      | Found Pawoen's Armour Shoppe.
  2995 | D:2      | Slain by a gnoll

Illustrated notes

Levels and vault maps discovered:
D:1:      amcnicky_arrival_choice, layout_rooms, serial_forest,
          infiniplex_forest_clump_small, infiniplex_forest_3_way,
          infiniplex_forest_lined_4_way, infiniplex_forest_lined_2,
          infiniplex_forest_lined_2, infiniplex_forest_clump_tiny,
          infiniplex_forest_lined_2, infiniplex_forest_clump_double
D:2:      layout_basic, serial_shops, shop, chequers_ecumenical_altar_simple,
          fountainhead, chequers_serial_rivers_room_b
D:3:      layout_rooms, serial_shops, nicolae_shop_stone, uniq_grinder

Skill      XL: |  1  2  3  4 |
---------------+-------------+-----
Dodging        | 4 |  4.1
Fighting       | 2 |  2.3
Stealth        | 1 |  1.3
Armour         | 1 |  1.2
Short Blades   | |  3.9
Throwing       | |  2.2
Hexes          | |  0.6
Evocations     | |  0.7

Action                   |  1- 3 |  4- 6 || total
-------------------------+-------+-------++-------
Melee: Rapier            |    82 |    63 ||   145
Throw: Javelin           |     3 |     7 ||    10
Evoke: Wand              |    10 |     1 ||    11
  Use: Scroll            |     1 |     1 ||     2
 Stab: Sleeping          |     1 |     1 ||     2
Armor: Leather armour    |    30 |    14 ||    44
Dodge: Dodged            |    70 |    37 ||   107
